Map: [G8] Gresvan

Players

ShoWTimE - Winner!

  • Race: Protoss Protoss
  • Spawn Location: 5:00

Spirit

  • Race: Terran Terran
  • Spawn Location: 11:00

Event: Gamers8 2023

VOD

Have the link to the VOD?

Description

Time

  • Played on: Aug. 3, 2023, 11:01 a.m.
  • Length: 12:26

All games in this series

Show
View Real Time Build Order
Export as new Build Order

ShoWTimE Protoss - Winner!

Build Orders: 1 Gate Expand, Oracle Opening, Blink Stalkers 

Get SALT Encoding   

  12  0:00  Probe  
  13  0:12  Probe  
  14  0:16  Pylon  
  14  0:24  Probe (Chrono Boost)  
  15  0:36  Gateway, Probe (Chrono Boost)  
  16  0:44  Probe (Chrono Boost)  
  16  0:45  Assimilator  
  17  0:50  Probe  
  18  1:03  Probe  
  19  1:15  Probe  
  20  1:22  Nexus  
  20  1:31  Cybernetics Core  
  20  1:35  Probe  
  21  1:40  Assimilator  
  22  1:47  Probe  
  22  1:51  Pylon  
  22  1:59  Probe  
  23  2:05  Pylon  
  23  2:06  Adept (Chrono Boost)  
  23  2:11  Probe  
  26  2:23  Probe  
  26  2:24  Stargate  
  26  2:26  Adept (Chrono Boost)  
  29  2:32  Warp Gate  
  30  2:38  Probe (Chrono Boost)  
  30  2:41  Probe (Chrono Boost)  
  31  2:48  Probe (Chrono Boost)  
  31  2:51  Probe (Chrono Boost)  
  35  2:52  Probe (Chrono Boost)  
  36  3:00  Probe  
  36  3:04  Probe  
  36  3:05  Oracle (Chrono Boost)  
  42  3:12  Probe  
  42  3:16  Probe  
  41  3:20  Twilight Council  
  41  3:25  Probe  
  42  3:27  Gateway  
  42  3:28  Probe  
  42  3:31  Gateway  
  43  3:37  Probe  
  43  3:40  Probe  
  45  3:49  Probe  
  45  3:51  Blink (Chrono Boost)  
  45  3:53  Probe  
  47  4:01  Assimilator, Probe  
  48  4:05  Probe  
  48  4:06  Pylon  
  49  4:13  Probe, Nexus  
  50  4:17  Probe  
  51  4:25  Probe  
  51  4:26  Stalker x2  
  51  4:27  Stalker  
  51  4:29  Probe  
  59  4:33  Pylon  
  59  4:36  Pylon  
  59  4:37  Probe  
  60  4:41  Probe  
  60  4:42  Forge  
  61  4:49  Probe  
  62  4:53  Probe  
  62  4:54  Pylon  
  62  4:55  Stalker x2  
  62  4:59  Stalker  
  66  5:02  Probe  
  66  5:05  Probe  
  68  5:08  Protoss Ground Weapons Level 1 (Chrono Boost)  
  68  5:15  Probe  
  68  5:17  Probe  
  68  5:19  Stalker x2  
  74  5:22  Stalker  
  74  5:25  Probe  
  74  5:27  Probe  
  78  5:29  Probe  
  77  5:37  Probe  
  77  5:39  Gateway  
  77  5:40  Gateway x2  
  77  5:42  Phoenix  
  80  5:47  Shield Battery  
  80  5:52  Stalker x3  
  86  6:03  Pylon  
  86  6:08  Nexus  
  86  6:11  Charge  
  86  6:12  Gateway  
  86  6:18  Stalker x3  
  92  6:25  Probe x2  
  94  6:26  Probe  
  94  6:27  Gateway  
  94  6:29  Pylon  
  95  6:37  Probe  
  95  6:38  Zealot, Sentry x2  
  95  6:39  Probe  
  103  6:40  Probe  
  103  6:42  Pylon  
  103  6:44  Pylon  
  103  6:46  Zealot  
  103  6:47  Protoss Ground Weapons Level 2 (Chrono Boost), Zealot x2  
  110  6:49  Probe  
  110  6:50  Shield Battery  
  111  6:54  Pylon  
  111  7:03  Probe  
  111  7:04  Zealot x3  
  118  7:10  Probe  
  118  7:11  Pylon, Probe  
  118  7:13  Zealot x4  
  118  7:14  Phoenix  
  128  7:18  Robotics Facility  
  128  7:19  Pylon  
  128  7:24  Zealot x3  
  128  7:27  Probe  
  128  7:29  Probe x2  
  137  7:30  Probe  
  137  7:35  Pylon  
  138  7:37  Zealot x3  
  144  7:46  Pylon  
  144  7:51  Zealot x5  
  154  8:00  Zealot x2  
  154  8:01  Zealot  
  160  8:10  Observer  
  157  8:14  Zealot x5  
  157  8:19  Robotics Bay  
  163  8:21  Robotics Facility  
  153  8:27  Zealot x3  
  153  8:36  Assimilator x2  
  153  8:37  Stalker x3  
  153  8:38  Assimilator, Stalker x2  
  163  8:47  Protoss Ground Armor Level 1 (Chrono Boost)  
  161  8:49  Probe  
  161  8:50  Probe x2  
  161  8:55  Pylon  
  166  8:57  Warp Prism (Chrono Boost)  
  166  9:00  Pylon  
  166  9:02  Pylon  
  166  9:07  Observer  
  166  9:09  Extended Thermal Lance  
  172  9:10  Zealot x2  
  172  9:11  Zealot x2  
  180  9:18  Colossus (Chrono Boost)  
  180  9:22  Pylon  
  186  9:28  Colossus (Chrono Boost)  
  186  9:31  Nexus  
  186  9:34  Pylon  
  186  9:36  Forge  
  186  9:37  Photon Cannon  
  186  9:38  Photon Cannon  
  186  9:40  Stalker x6  
  198  9:47  Photon Cannon  
  198  9:50  Photon Cannon  
  198  9:57  Photon Cannon  
  190  10:17  Zealot x5  
  198  10:32  Colossus (Chrono Boost)  
  198  10:33  Colossus (Chrono Boost)  
  198  10:35  Gateway  
  192  10:38  Gateway  
  192  10:39  Gateway  
  192  10:42  Shield Battery  
  198  10:43  Gateway  
  198  10:44  Pylon  
  198  10:45  Gateway  
  199  10:50  Probe  
  199  10:52  Photon Cannon  
  199  10:58  Dark Shrine  
  199  11:00  Gravitic Drive  
  197  11:08  Photon Cannon  
  197  11:13  Disruptor x2 (Chrono Boost)  
  197  11:16  Gateway x2, Observer  
  197  11:17  Robotics Facility  
  197  11:25  Zealot  
  199  11:30  Robotics Facility  
  173  11:42  Zealot x6  
  173  11:43  Zealot x6  
  173  11:44  Disruptor (Chrono Boost)  
  173  11:47  Disruptor (Chrono Boost)  
  178  11:53  Probe x2  
  178  11:54  Probe  
  174  12:00  Zealot  
  176  12:04  Zealot x12  
Show
View Real Time Build Order
Export as new Build Order

Spirit Terran 

Build Orders:  

Get SALT Encoding   

  12  0:00  SCV  
  13  0:13  SCV  
  14  0:17  Supply Depot  
  14  0:25  SCV  
  15  0:38  SCV  
  15  0:40  Barracks  
  16  0:45  Refinery  
  16  0:50  SCV  
  17  1:02  SCV  
  18  1:15  SCV  
  19  1:28  Marine, Orbital Command  
  20  1:39  Command Center  
  20  1:47  Reaper  
  21  1:49  Supply Depot  
  21  1:53  SCV  
  22  2:05  Factory  
  22  2:06  SCV  
  23  2:15  Bunker  
  23  2:18  SCV  
  23  2:19  Refinery  
  24  2:23  Barracks Reactor  
  24  2:30  SCV  
  25  2:42  SCV  
  28  2:52  Orbital Command  
  28  2:56  Starport  
  28  3:01  Marine x2, Widow Mine  
  28  3:03  SCV  
  30  3:15  SCV  
  30  3:17  Supply Depot  
  30  3:18  SCV  
  30  3:19  Marine x2  
  34  3:23  Widow Mine  
  36  3:28  SCV  
  36  3:29  Barracks  
  36  3:31  SCV  
  38  3:34  Medivac  
  38  3:37  Marine  
  38  3:40  Marine  
  42  3:42  SCV, Supply Depot  
  42  3:46  Factory Tech Lab  
  43  3:50  SCV  
  43  3:54  Marine, SCV  
  43  4:03  SCV  
  43  4:04  Marine  
  43  4:06  SCV  
  46  4:10  Cyclone  
  46  4:12  Marine  
  46  4:15  SCV  
  51  4:17  Supply Depot  
  51  4:19  SCV  
  51  4:21  Marine  
  51  4:23  Starport Tech Lab  
  53  4:27  SCV  
  53  4:30  Marine, Engineering Bay  
  55  4:35  Barracks, SCV  
  56  4:39  SCV  
  57  4:46  Stimpack  
  57  4:47  SCV  
  57  4:50  Marine  
  57  4:51  SCV  
  60  4:54  Marine  
  60  4:59  SCV  
  62  5:00  Marine  
  62  5:03  SCV, Supply Depot  
  62  5:05  Refinery  
  62  5:06  Terran Infantry Weapons Level 1  
  64  5:11  SCV  
  64  5:13  Marine x2  
  67  5:14  Supply Depot  
  67  5:15  Factory Reactor, Starport Reactor, SCV  
  68  5:23  Refinery, SCV  
  68  5:25  Marauder  
  68  5:27  SCV, Supply Depot  
  72  5:35  SCV  
  72  5:37  Siege Tank  
  72  5:39  SCV  
  72  5:42  Bunker  
  74  5:46  Marine  
  74  5:47  Marauder, SCV  
  74  5:48  Barracks Tech Lab  
  78  5:51  SCV  
  78  5:58  Medivac  
  78  6:00  SCV  
  78  6:04  Marine, SCV  
  79  6:05  Supply Depot  
  79  6:08  Marauder  
  81  6:12  SCV  
  81  6:14  Combat Shield  
  81  6:16  SCV  
  81  6:17  Marauder, Marine  
  86  6:24  SCV  
  87  6:26  Marine  
  87  6:28  SCV  
  87  6:29  Marauder  
  87  6:31  Medivac  
  87  6:38  Marauder  
  88  6:42  Concussive Shells, Command Center  
  87  6:51  Marauder, Factory Reactor  
  87  6:54  Marine  
  87  6:56  Medivac  
  87  7:00  Marauder  
  91  7:03  Marine  
  91  7:07  Terran Infantry Armor Level 1  
  92  7:08  Barracks  
  92  7:09  Barracks, SCV x2  
  92  7:12  Marauder  
  92  7:13  Marine  
  97  7:16  Medivac  
  97  7:20  Supply Depot  
  97  7:21  Marauder, SCV, Supply Depot  
  102  7:35  SCV  
  102  7:36  Marine  
  102  7:42  Marauder, Marine, Widow Mine x2, SCV  
  102  7:43  Marauder  
  112  7:45  Medivac  
  112  7:47  SCV  
  115  7:54  Marine, SCV, Supply Depot  
  115  7:55  Supply Depot  
  117  8:00  Marine, SCV  
  117  8:03  Marauder, Widow Mine  
  117  8:04  Armory  
  117  8:05  Marauder, Ghost Academy  
  125  8:06  SCV  
  125  8:11  Marauder  
  125  8:12  SCV  
  128  8:13  Marine  
  128  8:14  Barracks Reactor  
  128  8:18  Widow Mine  
  128  8:21  SCV  
  128  8:25  Marauder, Marine, Widow Mine  
  128  8:30  Marine  
  121  8:38  Ghost x2  
  121  8:39  Widow Mine  
  123  8:47  Widow Mine  
  124  8:53  Ghost  
  124  8:54  Marine  
  127  8:59  Marine x3  
  127  9:00  Widow Mine  
  132  9:08  Marauder, Widow Mine  
  136  9:16  Orbital Command  
  136  9:18  Sensor Tower, Bunker  
  136  9:20  Refinery  
  136  9:21  Ghost  
  136  9:22  Widow Mine, Refinery  
  136  9:24  Marine  
  140  9:26  Medivac  
  140  9:29  Widow Mine  
  145  9:32  Marine, SCV  
  145  9:33  Marauder  
  145  9:38  Supply Depot  
  149  9:39  Supply Depot  
  149  9:40  Supply Depot  
  149  9:45  Terran Infantry Weapons Level 2  
  149  9:59  Marine  
  154  10:00  Marauder, SCV x3, Supply Depot  
  154  10:01  Marine  
  154  10:02  Supply Depot  
  154  10:04  Marine  
  154  10:05  Viking x2  
  157  10:12  SCV x3  
  157  10:13  Marine  
  151  10:16  Marauder, Marine  
  154  10:23  Marauder  
  153  10:29  Marine  
  153  10:30  Marine  
  153  10:31  Marine  
  153  10:34  Marauder  
  153  10:35  Viking x2, Marine  
  157  10:38  Marauder  
  161  10:44  Marauder, Command Center  
  161  10:47  Marine  
  161  10:48  Marine  
  164  10:52  Marine  
  164  10:53  Marine, Engineering Bay  
  164  10:55  Marauder  
  167  10:57  SCV x3  
  167  10:59  Marauder  
  172  11:05  Marine  
  172  11:06  Marauder, Marine  
  172  11:08  Viking  
  172  11:09  SCV  
  172  11:10  Marine  
  172  11:11  Marine  
  181  11:18  Marauder  
  183  11:20  Marine, SCV  
  186  11:25  SCV  
  131  11:54  Ghost  
  131  11:55  Marine, Ghost x2  
  131  11:57  Marine  
  131  11:59  SCV x3  
  131  12:02  Marine  
  131  12:07  Marine  
  128  12:11  SCV  
Tags
 
Add a new tag
Caveats
  • Supply blocks, unpowered buildings, or Contaminate may cause inaccurate times.
  • Supply counts are checked every 10 seconds.